 Dungeon Crawl Stone Soup version 0.25-a0-426-g7d9e569eea (webtiles) character file.

Game seed: 12847825036045182487, levelgen mode: deterministic

2028 kae the Transmogrifier (level 9, -2/64 HPs)
             Began as a Black Draconian Transmuter on Jan 24, 2020.
             Was an Initiate of Uskayaw.
             Slain by a black bear (4 damage)
             ... in the Ecumenical Temple.
             The game lasted 00:11:53 (9860 turns).

kae the Transmogrifier (Black Draconian Transmuter) Turns: 9860, Time: 00:11:53

Health: -2/64      AC: 10    Str: 13    XL:     9   Next: 3%
Magic:  1/15       EV: 11    Int: 14    God:    Uskayaw [......]
Gold:   621        SH:  0    Dex: 14    Spells: 4/16 levels left

rFire    . . .     SeeInvis .   h - +0 spear
rCold    . . .     Gourm    .   (no shield)
rNeg     . . .     Faith    .   (armour unavailable)
rPois    .         Spirit   .   w - +2 hat
rElec    +         Reflect  .   (no cloak)
rCorr    .         Harm     .   (no gloves)
MR       +....                  b - +0 pair of boots
Stlth    +.........             (no amulet)
HPRegen  0.20/turn              j - ring of protection from magic
MPRegen  0.14/turn              f - ring of flight

@: short of breath, very slightly contaminated, drained
A: breathe lightning, unfitting armour, electricity resistance, cold-blooded, AC
+7
a: Breathe Lightning, Renounce Religion, Evoke Flight


You were in the Ecumenical Temple.
You worshipped Uskayaw.
Uskayaw was noncommittal.
You were not hungry.

You visited 2 branches of the dungeon, and saw 8 of its levels.

You collected 621 gold pieces.

Inventory:

Hand Weapons
 h - a +0 spear (weapon)
Missiles
 a - 105 arrows
Armour
 b - a +0 pair of boots (worn)
 w - a +2 hat (worn)
Jewellery
 f - a ring of flight (right hand)
 j - a ring of protection from magic (left hand)
Wands
 o - a wand of iceblast (11)
 v - a wand of random effects (15)
Scrolls
 d - 7 scrolls of remove curse
 g - 3 scrolls of teleportation
 k - a scroll of fog
 l - a scroll of magic mapping
 s - 3 scrolls of fear
 y - a scroll of enchant weapon {unknown}
Potions
 e - a potion of flight
 i - a potion of brilliance
 m - a potion of might
 n - a potion of lignification
 p - a potion of cancellation
 q - 2 potions of magic
 t - 3 potions of mutation
 u - a potion of resistance
Comestibles
 c - 12 rations


   Skills:
 - Level 1.1(0.1) Fighting
 - Level 1.7(0.7) Dodging
 + Level 7.0(5.8) Unarmed Combat
 - Level 4.2(3.1) Spellcasting
 - Level 9.3(8.0) Transmutations


You had 4 spell levels left.
You knew the following spells:

 Your Spells              Type           Power        Failure   Level  Hunger
a - Beastly Appendage     Tmut           ###...       1%          1    #......
b - Sticks to Snakes      Tmut           ###.....     1%          2    ##.....
c - Spider Form           Tmut/Pois      ##........   12%         3    ###....
d - Blade Hands           Tmut           ###.......   22%         5    ######.
e - Infusion              Chrm           #...         22%         1    #......

Your spell library contained the following spells:

 Spells                   Type           Power        Failure   Level  Hunger
 Foxfire                  Conj/Fire      #...         22%         1    #......
 Shroud of Golubria       Chrm/Tloc      #.....       32%         2    ##.....
 Song of Slaying          Chrm           #.......     32%         2    ##.....
 Ice Form                 Ice/Tmut       ##......     38%         4    #####..
 Conjure Flame            Conj/Fire      #.......     54%         3    ###....
 Inner Flame              Hex/Fire       #.......     54%         3    ###....
 Ozocubu's Armour         Chrm/Ice       #.......     54%         3    ###....
 Spectral Weapon          Hex/Chrm       #.......     54%         3    ###....
 Sticky Flame             Conj/Fire      #.......     91%         4    #####..
 Fireball                 Conj/Fire      #.........   99%         5    ######.


Dungeon Overview and Level Annotations

Branches:
Dungeon (7/15)             Temple (1/1) D:7

Altars:
Ashenzari
Cheibriados
Dithmenos
Gozag
Hepliaklqana
Kikubaaqudgha
Makhleb
Nemelex Xobeh
Qazlal
Ru
Sif Muna
Trog
Uskayaw
Wu Jian
Xom
Yredelemnul
The Shining One

Annotations:
D:7 1 runed translucent door, Crazy Yiuf


Innate Abilities, Weirdness & Mutations

You can breathe wild blasts of lightning.
Your glossy black scales are hard. (AC +7)
You cannot fit into any form of body armour.
You are resistant to electric shocks. (rElec)
You are cold-blooded and may be slowed by cold attacks.


Message History

The black bear closely misses you. The black bear claws you.
* * * LOW HITPOINT WARNING * * *
The black bear barely misses you.
Okay, then.
Evoke which item? (* to show all) (? for menu, Esc to quit)
Okay, then.
You stomp with the beat, sending a shockwave through the revelers around you!
The black bear is almost dead.
You feel somewhat more hungry.
You can no longer stomp with the beat.
The black bear bites you.
* * * LOW HITPOINT WARNING * * *
The black bear claws you but does no damage. x2
You breathe a wild blast of lightning!
The orb of electricity explodes!
The zap hits the black bear.
The black bear is almost dead.
You hear a mighty clap of thunder!
You feel somewhat more hungry. The black bear barely misses you.
The black bear claws you.
You die...

#.....#########.....#
##......##'##......##
###.............###
##...........##
##.........##
#####.........#####
##...##.8...8.##...##
#.....#.......#.....#
#.._..'..@<...'.._..#
#.....#...h...#.....#
##...##.8...8.##...##
#####.........#####
##.........##
##...........##
###.............###
##......##'##......##
#.....#########.....#


You could see a black bear (berserk).

Vanquished Creatures
  Joseph (D:7)
  A spriggan (D:7)
  2 sky beasts
  3 centaurs
  2 bullfrogs (D:7)
  Blork the orc (D:4)
  A scorpion (D:7)
  A wyvern skeleton (D:7)
  3 wights (D:7)
  A howler monkey (D:7)
  A centaur zombie (D:5)
  2 hounds (D:4)
  An orc priest (D:5)
  An orc wizard (D:5)
  3 iguanas
  2 worker ants
  A hound zombie (D:5)
  4 hound skeletons
  Robin (D:4)
  5 gnolls
  4 adders
  A shadow imp (D:5)
  An adder skeleton (D:7)
  3 worms
  6 dart slugs
  3 leopard geckos
  7 orcs
  A ball python (D:1)
  9 bats
  2 bat zombies (D:7)
  4 giant cockroaches
  5 hobgoblins
  3 jackals (D:4)
  3 quokkas
  3 frilled lizards
  15 goblins
  10 kobolds
  A leopard gecko skeleton (D:7)
  A quokka skeleton (D:6)
  11 rats
  2 rat zombies (D:7)
132 creatures vanquished.

Vanquished Creatures (collateral kills)
  A phantom (D:5)
  A crimson imp (D:5)
  An orc wizard (D:5)
  3 gnolls (D:2)
  A worm (D:5)
7 creatures vanquished.

Grand Total: 139 creatures vanquished

Notes
Turn   | Place    | Note
-------+----------+-------------------------------------------
     0 | D:1      | kae the Draconian Transmuter began the quest for the Orb.
     0 | D:1      | Reached XP level 1. HP: 16/16 MP: 3/3
   195 | D:1      | Reached XP level 2. HP: 23/23 MP: 3/5
   245 | D:1      | Reached skill level 3 in Transmutations
  1009 | D:2      | Reached XP level 3. HP: 25/28 MP: 4/6
  1173 | D:2      | Reached skill level 4 in Transmutations
  1332 | D:2      | Learned a level 2 spell: Sticks to Snakes
  1336 | D:2      | Learned a level 3 spell: Spider Form
  1358 | D:2      | Reached XP level 4. HP: 14/35 MP: 1/7
  1633 | D:2      | Found a sparkling altar of Nemelex Xobeh.
  2130 | D:2      | Reached skill level 5 in Transmutations
  3058 | D:3      | Reached XP level 5. HP: 40/40 MP: 6/8
  3372 | D:4      | Noticed Robin
  3427 | D:4      | Killed Robin
  3957 | D:4      | Noticed Blork the orc
  4055 | D:4      | Reached skill level 6 in Transmutations
  4474 | D:4      | Killed Blork the orc
  4474 | D:4      | Reached XP level 6. HP: 32/47 MP: 6/9
  4599 | D:5      | Entered Level 5 of the Dungeon
  4628 | D:5      | Reached skill level 7 in Transmutations
  5039 | D:5      | Noticed a sky beast
  5089 | D:5      | Killed a sky beast
  5089 | D:5      | Your scales start taking on a glossy black colour.
  5089 | D:5      | Reached XP level 7. HP: 36/52 MP: 7/10
  5089 | D:5      | Gained mutation: You are resistant to electric shocks.
                  | (rElec) [Black Draconian growth]
  5299 | D:5      | Reached skill level 8 in Transmutations
  6153 | D:5      | Reached skill level 9 in Transmutations
  6621 | D:5      | Found a shadowy altar of Dithmenos.
  6968 | D:6      | Reached XP level 8. HP: 22/59 MP: 10/12
  7929 | D:6      | Found a shimmering blue altar of Sif Muna.
  8396 | D:7      | Found a runed translucent door.
  8397 | D:7      | Noticed Crazy Yiuf
  8460 | D:7      | Found an ancient bone altar of Kikubaaqudgha.
  8498 | D:7      | Noticed Joseph
  8740 | D:7      | Learned a level 5 spell: Blade Hands
  8745 | D:7      | Learned a level 1 spell: Infusion
  9284 | D:7      | Found a staircase to the Ecumenical Temple.
  9296 | D:7      | Killed Joseph
  9357 | D:7      | Reached XP level 9. HP: 48/64 MP: 9/15
  9396 | Temple   | Entered the Ecumenical Temple
  9781 | Temple   | Became a worshipper of Uskayaw the Reveler
  9824 | D:7      | Reached * piety under Uskayaw
  9830 | D:7      | Reached ** piety under Uskayaw
  9856 | Temple   | HP: 2/64 [black bear (11)]
  9860 | Temple   | Slain by a black bear

Levels and vault maps discovered:
D:1:      dpeg_arrival_rhombi, layout_basic, patterned_corridor
D:2:      kennysheep_six_static_rooms, layout_basic, lemuel_crystal_altar
D:3:      layout_basic, first_ration
D:4:      layout_basic, uniq_robin, uniq_blork_the_orc
D:5:      layout_rooms, grunt_dithmenos_smoke_and_mirrors
D:6:      layout_loops_corners, lemuel_blue_sif_altar
D:7:      layout_basic, lemuel_zombie_altar_kikubaaqudgha,
          minmay_temple_entry_mini_moons, the_bakery, uniq_joseph,
          uniq_crazy_yiuf_cottage
Temple:   minmay_temple_curvy_branch

Skill      XL: |  1  2  3  4  5  6  7  8 |
---------------+-------------------------+-----
Transmutations | 3 4 5 6 7 9 |  9.3
Spellcasting   | 4 |  4.2
Unarmed Combat | 7 |  7.0
Fighting       | |  1.1
Dodging        | |  1.7

Action                   |  1- 3 |  4- 6 |  7- 9 || total
-------------------------+-------+-------+-------++-------
Melee: Unarmed           |    33 |    42 |    81 ||   156
       Tailslap          |     9 |    17 |    31 ||    57
       Headbutt          |     3 |     8 |     8 ||    19
       Spear             |    99 |   226 |   214 ||   539
       Kick              |     1 |       |       ||     1
       Punch             |       |       |     7 ||     7
 Cast: Beastly Appendage |    11 |    13 |     9 ||    33
       Sticks to Snakes  |     2 |    13 |     2 ||    17
       Spider Form       |       |     5 |    10 ||    15
       Blade Hands       |       |       |     3 ||     3
       Infusion          |       |       |     3 ||     3
Invok: Stomp             |       |       |     3 ||     3
 Abil: End Transformatio |       |       |     1 ||     1
       Breathe Lightning |       |       |     3 ||     3
  Use: Scroll            |       |    16 |     4 ||    20
       Potion            |       |     1 |     2 ||     3
 Stab: Sleeping          |     2 |     2 |     1 ||     5
       Distracted        |     1 |     3 |       ||     4
  Eat: Chunk             |     1 |    14 |    12 ||    27
       Ration            |       |       |     3 ||     3
Armor: Skin              |    44 |    82 |   119 ||   245
Dodge: Dodged            |    60 |   153 |   221 ||   434

Table legend:
 A = Non-vault XP
 B = Vault XP
 C = Vault XP percentage of total XP
 D = Non-vault monster count
 E = Vault monster count
 F = Vault count percentage of total count
                 A         B        C        D         E       F
            +---------+---------+-------+---------+---------+-------
      Total |    2040 |     858 |  29.6 |     113 |      26 |  18.7
            +---------+---------+-------+---------+---------+-------
        D:1 |      36 |       0 |   0.0 |      22 |       0 |   0.0
        D:2 |     103 |      24 |  18.9 |      25 |       6 |  19.4
        D:3 |      33 |       0 |   0.0 |      10 |       0 |   0.0
        D:4 |     251 |     124 |  33.1 |       9 |      14 |  60.9
        D:5 |     726 |       0 |   0.0 |      22 |       0 |   0.0
        D:6 |     258 |       0 |   0.0 |       9 |       0 |   0.0
        D:7 |     633 |     710 |  52.9 |      16 |       6 |  27.3
            +---------+---------+-------+---------+---------+-------
